Map: [G8] Dragon Scales

Players

Reynor

  • Race: Zerg Zerg
  • Spawn Location: 11:00

Cure - Winner!

  • Race: Terran Terran
  • Spawn Location: 5:00

Event: Gamers8 2023

VOD

Have the link to the VOD?

Description

Time

  • Played on: Aug. 6, 2023, 2:06 p.m.
  • Length: 17:34

All games in this series

Show
View Real Time Build Order
Export as new Build Order

Reynor Zerg 

Build Orders: Hatch First 

Get SALT Encoding   

  12  0:00  Drone  
  13  0:12  Overlord  
  13  0:17  Drone  
  14  0:30  Drone x2  
  16  0:48  Hatchery  
  15  0:51  Drone  
  15  0:54  Drone  
  17  0:58  Drone  
  18  1:08  Extractor  
  17  1:13  Spawning Pool  
  17  1:16  Drone  
  17  1:19  Drone  
  18  1:28  Drone  
  19  1:38  Drone  
  20  1:49  Drone  
  21  2:00  Queen x2  
  21  2:01  Zergling x4  
  27  2:16  Hatchery  
  27  2:18  Metabolic Boost  
  26  2:24  Overlord  
  26  2:27  Drone  
  27  2:30  Drone  
  28  2:42  Queen, Drone  
  32  2:44  Drone  
  32  2:46  Drone  
  32  2:50  Overlord  
  33  2:53  Drone  
  34  2:58  Drone x2  
  36  3:08  Queen  
  36  3:10  Overlord  
  38  3:13  Drone  
  38  3:15  Zergling x2  
  42  3:20  Zergling x4  
  42  3:21  Drone  
  42  3:26  Overlord  
  43  3:28  Drone x2  
  45  3:34  Queen  
  45  3:37  Drone  
  45  3:38  Drone  
  49  3:42  Drone x2  
  49  3:43  Drone  
  49  3:44  Drone  
  49  3:48  Drone  
  54  3:49  Drone  
  54  3:50  Drone  
  54  3:53  Overlord  
  56  3:57  Drone x2  
  56  4:02  Queen  
  60  4:03  Drone  
  60  4:04  Drone  
  60  4:07  Overlord  
  62  4:12  Drone x3  
  65  4:18  Drone x3  
  65  4:20  Queen  
  65  4:21  Drone  
  65  4:24  Overlord  
  71  4:26  Drone  
  72  4:32  Drone x2  
  72  4:34  Overlord  
  72  4:35  Drone x2  
  72  4:38  Overlord  
  76  4:39  Queen  
  76  4:45  Drone x2  
  80  4:48  Spore Crawler x2  
  78  4:53  Zergling x6  
  78  4:59  Overlord  
  81  5:01  Drone x3  
  81  5:04  Extractor  
  83  5:07  Baneling Nest  
  83  5:09  Zergling x8  
  83  5:11  Hatchery, Lair  
  83  5:12  Drone  
  86  5:17  Drone  
  86  5:20  Drone x2  
  86  5:21  Drone x2  
  90  5:22  Drone  
  90  5:23  Overlord  
  90  5:24  Queen  
  90  5:25  Drone x2  
  96  5:28  Overlord  
  96  5:34  Drone x3  
  99  5:35  Drone  
  99  5:37  Extractor x2, Evolution Chamber x2  
  99  5:39  Zergling x2  
  99  5:41  Overlord  
  93  5:45  Zergling x2  
  93  5:47  Zergling x4  
  93  5:48  Zergling x2  
  97  5:50  Baneling x3  
  97  5:52  Zergling x6  
  97  5:53  Zergling x2  
  97  5:54  Queen  
  97  5:56  Overlord  
  103  5:57  Zergling x6  
  103  5:58  Drone  
  103  6:04  Overlord  
  103  6:05  Drone  
  103  6:08  Drone  
  105  6:14  Zergling x2  
  105  6:16  Zergling x2  
  105  6:17  Zergling x6  
  110  6:22  Zergling x2  
  112  6:27  Zergling x10  
  107  6:33  Extractor  
  107  6:34  Zergling x6  
  107  6:35  Zerg Ground Armor Level 1, Zerg Melee Weapons Level 1  
  107  6:38  Spore Crawler, Drone  
  105  6:40  Drone  
  105  6:41  Centrifugal Hooks, Hatchery, Drone  
  105  6:44  Queen, Drone  
  105  6:46  Zergling x4  
  108  6:51  Drone x3  
  111  7:00  Evolution Chamber  
  109  7:02  Drone x2  
  109  7:04  Zergling x4  
  112  7:12  Hatchery, Zergling x10  
  112  7:18  Overlord  
  112  7:21  Zergling x2  
  113  7:25  Baneling x11  
  113  7:28  Zergling x4  
  115  7:31  Drone  
  116  7:38  Zergling x4  
  116  7:40  Pneumatized Carapace  
  116  7:43  Drone x4  
  122  7:46  Drone x2  
  122  7:48  Baneling x6  
  122  7:49  Burrow  
  124  7:53  Zergling x12  
  124  7:57  Baneling x5  
  124  7:58  Drone x2  
  132  8:02  Drone  
  132  8:04  Overlord  
  133  8:06  Zergling x4  
  133  8:11  Zergling x2  
  136  8:16  Zergling x10  
  131  8:20  Zergling x2  
  131  8:24  Zergling x8  
  131  8:25  Zergling x2  
  128  8:29  Zergling x4  
  128  8:32  Queen  
  128  8:33  Zergling x2  
  128  8:36  Zergling x12  
  128  8:41  Zerg Melee Weapons Level 2, Zerg Ground Armor Level 2  
  127  8:42  Zergling x8  
  127  8:44  Zergling x2  
  127  8:48  Drone x2  
  124  8:52  Zergling x4, Spore Crawler  
  125  8:56  Zergling x4  
  125  8:57  Infestation Pit  
  125  8:59  Drone  
  125  9:01  Drone  
  130  9:02  Zergling x4  
  130  9:03  Zergling x4  
  133  9:10  Zergling x6  
  133  9:11  Drone  
  133  9:15  Baneling x10  
  135  9:19  Zergling x8  
  135  9:22  Hatchery  
  135  9:23  Overlord, Drone x4  
  142  9:30  Zergling x10  
  142  9:31  Queen  
  146  9:32  Zergling x2  
  146  9:37  Baneling x13  
  146  9:38  Zergling x2  
  146  9:41  Hive  
  146  9:42  Zergling x2  
  146  9:43  Zergling x4  
  147  9:52  Zergling x10  
  152  9:54  Zergling x4  
  149  10:03  Zergling x8  
  145  10:07  Zergling x6  
  145  10:09  Hatchery  
  145  10:13  Zergling x2  
  144  10:18  Zergling x6  
  144  10:19  Queen x2  
  151  10:23  Zergling x18  
  151  10:28  Zergling x6  
  156  10:30  Baneling x18  
  156  10:31  Queen, Baneling x8  
  158  10:38  Zergling x4  
  158  10:39  Overlord x2  
  158  10:42  Baneling x16, Overlord x3  
  160  10:53  Overlord  
  160  10:57  Overlord  
  160  11:02  Viper x2  
  164  11:08  Zergling x22  
  164  11:09  Zergling x2  
  173  11:12  Adrenal Glands  
  166  11:18  Zergling x14  
  166  11:19  Zergling x8  
  166  11:23  Zergling x4  
  178  11:25  Zergling x2  
  178  11:30  Zergling x4  
  174  11:36  Zergling x2  
  164  11:40  Zergling x6  
  164  11:47  Ultralisk Cavern, Zergling x2  
  156  11:48  Zergling x22  
  156  11:49  Zergling x6  
  156  11:53  Extractor  
  169  12:00  Zergling x8  
  172  12:03  Zergling x2  
  172  12:05  Zerg Ground Armor Level 3  
  172  12:07  Zergling x2  
  173  12:11  Hatchery, Zergling x4  
  173  12:13  Zergling x2  
  175  12:24  Spire, Drone x2  
  175  12:25  Drone  
  175  12:26  Extractor  
  175  12:29  Zergling x12  
  177  12:36  Chitinous Plating  
  176  12:38  Zergling x6  
  179  12:48  Ultralisk, Zergling x14  
  182  12:52  Zergling x4  
  184  13:00  Ultralisk, Zergling x2  
  184  13:01  Zergling x2  
  186  13:07  Zergling x6  
  181  13:13  Ultralisk  
  181  13:14  Zergling x16  
  195  13:27  Zergling x16  
  189  13:34  Ultralisk, Zergling x4  
  189  13:38  Zergling x4  
  193  13:46  Zergling x16  
  181  13:52  Ultralisk x2, Zergling x6  
  176  13:58  Drone x2  
  176  13:59  Baneling x2  
  167  14:10  Drone x4  
  167  14:12  Hatchery, Zergling x4  
  167  14:14  Zergling x2  
  153  14:26  Drone x2  
  153  14:29  Infestor  
  153  14:30  Infestor, Zergling x12  
  166  14:48  Corruptor x5  
  171  14:54  Hatchery  
  171  14:56  Corruptor x2  
  174  15:04  Hatchery  
  174  15:12  Zergling x20  
  185  15:16  Zergling x6  
  185  15:17  Zergling x4  
  189  15:23  Zergling x2  
  189  15:24  Zergling x8  
  189  15:27  Zergling x2  
  189  15:28  Zergling x2  
  191  15:40  Baneling  
  191  15:41  Baneling x14  
  191  15:48  Zergling x6  
  191  15:49  Zergling x10  
  181  15:55  Zergling x2  
  181  15:56  Zergling x6  
  154  16:01  Zergling x10  
  156  16:09  Ultralisk, Zergling x6  
  164  16:22  Zergling x6  
  164  16:23  Zergling x8  
  159  16:25  Hatchery  
  159  16:28  Zergling x2  
  159  16:29  Zergling x4  
  159  16:30  Infestor x2  
  150  16:35  Ultralisk  
  150  16:39  Zergling x6  
  159  16:49  Overseer  
  159  16:51  Ultralisk x2  
  159  16:52  Baneling x4  
  159  16:53  Baneling x2  
  156  17:07  Zergling x20  
  151  17:14  Baneling x2  
Show
View Real Time Build Order
Export as new Build Order

Cure Terran - Winner!

Build Orders:  

Get SALT Encoding   

  12  0:00  SCV  
  13  0:12  SCV  
  14  0:17  Supply Depot  
  14  0:24  SCV  
  15  0:39  SCV  
  15  0:40  Barracks  
  16  0:43  Refinery  
  16  0:51  SCV  
  17  0:59  Barracks  
  17  1:03  SCV  
  18  1:15  SCV  
  19  1:27  Orbital Command, Reaper  
  19  1:30  Supply Depot  
  20  1:46  Reaper  
  21  1:53  SCV  
  22  2:02  Reaper  
  22  2:06  SCV  
  24  2:10  Command Center  
  24  2:16  Refinery  
  24  2:18  SCV  
  25  2:30  SCV  
  26  2:40  Factory  
  26  2:42  SCV  
  27  2:54  SCV  
  27  2:58  Command Center  
  28  3:01  Barracks Reactor, Barracks Tech Lab  
  28  3:06  SCV  
  29  3:19  SCV  
  30  3:22  Orbital Command  
  30  3:25  Starport  
  30  3:26  Factory Reactor  
  30  3:31  SCV  
  31  3:37  Marine x3  
  34  3:41  Stimpack  
  34  3:43  SCV  
  36  3:48  SCV  
  36  3:56  SCV  
  36  4:00  SCV  
  40  4:03  Hellion x2  
  40  4:04  Liberator  
  40  4:09  SCV  
  46  4:11  Orbital Command  
  46  4:12  SCV  
  48  4:24  Hellion x2, SCV  
  48  4:25  SCV  
  48  4:28  Supply Depot  
  53  4:31  Marine  
  53  4:32  Marine x2  
  53  4:37  SCV  
  53  4:38  SCV x2  
  59  4:40  Refinery  
  59  4:42  Refinery, Supply Depot  
  59  4:49  Marine, SCV  
  59  4:50  Marine x2, SCV  
  64  4:54  Supply Depot  
  64  4:59  Medivac x2  
  68  5:02  SCV  
  68  5:04  SCV  
  70  5:08  Marine x3, Orbital Command  
  73  5:14  SCV, Supply Depot  
  73  5:16  SCV  
  73  5:21  Combat Shield, Engineering Bay x2  
  75  5:27  SCV, Factory Tech Lab  
  75  5:28  SCV  
  77  5:30  Marine x2  
  77  5:31  Marine  
  80  5:37  SCV  
  80  5:39  SCV  
  80  5:40  SCV  
  83  5:47  Barracks, Terran Infantry Armor Level 1, Terran Infantry Weapons Level 1  
  83  5:49  Supply Depot  
  83  5:50  Starport Reactor  
  83  5:51  Marine x3  
  83  5:55  SCV x3  
  89  6:09  Marine x3  
  89  6:11  Siege Tank  
  95  6:16  SCV x3  
  98  6:19  Barracks  
  98  6:20  Barracks  
  97  6:31  Marine x3  
  97  6:32  Medivac  
  100  6:33  SCV  
  100  6:36  Supply Depot x2  
  101  6:44  Supply Depot  
  101  6:58  Medivac, Siege Tank, Marine x5, SCV x2  
  101  7:00  SCV  
  110  7:10  Barracks Reactor, SCV  
  110  7:11  Barracks Reactor  
  110  7:13  Armory  
  110  7:14  Barracks  
  101  7:16  Barracks  
  101  7:17  Supply Depot  
  101  7:18  Barracks, Marine x5  
  101  7:21  Medivac  
  108  7:28  Supply Depot  
  108  7:29  Medivac  
  110  7:34  SCV  
  113  7:37  Supply Depot x2  
  113  7:38  Supply Depot  
  113  7:39  Marine x4  
  113  7:41  Siege Tank  
  116  7:51  Medivac, Marine x5  
  116  7:57  Marine  
  124  7:58  Marine x2  
  124  7:59  Medivac, Marine  
  124  8:01  Terran Infantry Weapons Level 2  
  124  8:04  Terran Infantry Armor Level 2  
  129  8:09  Marine x3  
  129  8:12  Marine x5  
  134  8:15  Marine  
  134  8:16  Marine x2  
  140  8:21  Siege Tank  
  140  8:22  Medivac  
  140  8:26  Marine  
  139  8:27  Marine x3  
  139  8:29  Medivac  
  139  8:30  Marine x2  
  145  8:35  Marine x4  
  141  8:45  Marine x4  
  141  8:46  Marine x2  
  134  8:52  SCV x3  
  134  8:53  Marine x5  
  134  8:54  Medivac  
  140  8:57  Supply Depot  
  140  9:00  Command Center  
  140  9:02  Marine  
  141  9:03  Siege Tank, Marine x5  
  141  9:09  Liberator  
  152  9:12  Marine x4  
  156  9:18  Marine x2  
  156  9:20  Marine  
  156  9:21  Marine x2  
  156  9:23  Marine x3  
  164  9:24  Liberator  
  164  9:30  Marine x2  
  164  9:31  Supply Depot  
  168  9:33  Supply Depot  
  168  9:40  Marine x6  
  173  9:52  Siege Tank, Marine x2  
  178  9:54  Liberator  
  178  9:56  Sensor Tower  
  178  9:57  Supply Depot  
  178  9:59  Marine x4  
  180  10:00  Marine x2  
  185  10:07  Liberator  
  185  10:12  Marine x6  
  185  10:17  SCV x3  
  188  10:24  Marine x4  
  180  10:29  Marine x2  
  180  10:30  Marine x4  
  186  10:35  Siege Tank  
  186  10:37  Medivac  
  186  10:39  Marine x2  
  186  10:42  Marine x4  
  197  10:47  Marine x3  
  200  11:02  Terran Infantry Armor Level 3, Terran Infantry Weapons Level 3  
  200  11:15  Planetary Fortress  
  186  11:33  Marine x4  
  186  11:34  Marine x6  
  181  11:40  Siege Tank, Medivac x2, Marine x2  
  189  11:50  Marine  
  189  11:51  Marine x3  
  189  11:52  Marine x4  
  189  11:53  SCV x3  
  200  11:55  Command Center  
  200  11:56  Refinery x2  
  199  12:06  Marine  
  199  12:07  Marine x2  
  199  12:12  Siege Tank  
  199  12:15  Marine x2, Refinery x2  
  193  12:32  Marine x4  
  193  12:33  Marauder  
  193  12:35  Barracks Tech Lab x3  
  195  12:41  Factory  
  195  12:44  Siege Tank  
  195  12:46  Barracks Reactor  
  195  12:47  Marine x2  
  195  12:48  Medivac x2  
  195  12:50  Marine x2  
  198  12:54  Marauder  
  196  13:13  Marine x2  
  196  13:14  Marauder  
  196  13:19  Drilling Claws  
  200  13:25  Marine x3  
  200  13:26  Marauder  
  196  13:29  Medivac x2  
  184  13:37  Marauder, Marine x6, Planetary Fortress  
  184  13:39  Widow Mine x3  
  198  13:42  Hi-Sec Auto Tracking, Neosteel Armor  
  198  13:43  Command Center  
  198  13:45  Command Center  
  198  13:48  Marauder x2, Marine x3  
  199  13:54  Marine  
  187  13:55  Marauder  
  187  13:58  Marine x4  
  187  13:59  Marauder  
  187  14:00  Widow Mine  
  187  14:01  Medivac  
  197  14:09  Marauder  
  187  14:12  Marauder, Marine x4  
  187  14:16  Marine  
  187  14:17  Marauder, Widow Mine x2  
  193  14:20  Marauder  
  193  14:24  Marine x3  
  195  14:27  Widow Mine  
  195  14:31  Ghost Academy  
  200  14:47  Concussive Shells  
  200  14:56  Sensor Tower  
  200  14:58  Marauder  
  200  15:02  Personal Cloaking  
  200  15:04  Terran Vehicle And Ship Armor Level 1  
  200  15:05  Sensor Tower, Orbital Command x2  
  200  15:09  Command Center  
  200  15:28  Widow Mine  
  198  15:38  Marauder  
  200  15:48  Marine x4  
  200  15:49  Marauder x3, Marine x2  
  191  15:52  Widow Mine x2  
  191  15:53  Medivac x2, Widow Mine  
  173  15:58  SCV x2  
  173  15:59  SCV x2  
  173  16:08  Marauder  
  173  16:09  Marine x6  
  173  16:10  Marauder x2, Ghost  
  184  16:21  SCV  
  184  16:22  SCV x2  
  184  16:23  Medivac x2  
  184  16:29  Ghost  
  184  16:31  Ghost  
  177  16:35  Ghost  
  177  16:36  Marine x6  
  177  16:37  Marine x2  
  177  16:38  Ghost  
  189  16:46  Missile Turret  
  189  16:51  Widow Mine x3  
  189  16:53  Medivac x2  
  189  16:54  Marine x2  
  198  16:57  Ghost  
  198  16:59  Ghost  
  195  17:04  Ghost  
  195  17:08  Marauder  
  184  17:12  Widow Mine x3  
  184  17:13  Marine x4  
Tags
 
Add a new tag
Caveats
  • Supply blocks, unpowered buildings, or Contaminate may cause inaccurate times.
  • Supply counts are checked every 10 seconds.